 Dungeon Crawl Stone Soup version 0.23.0-28-g6fe0f4d (webtiles) character file.

Game seed: 8058614688991274343

265 Gadfly the Cutter (level 6, -6/61 HPs)
             Began as a Halfling Berserker on Feb 25, 2019.
             Was a Believer of Trog.
             Mangled by an iguana (11 damage)
             ... on level 4 of the Dungeon.
             The game lasted 00:04:44 (2607 turns).

Gadfly the Cutter (Halfling Berserker)              Turns: 2607, Time: 00:04:45

Health: -6/61      AC:  9    Str: 24    XL:     6   Next: 44%
Magic:  6/6        EV: 11    Int:  5    God:    Trog [**....]
Gold:   129        SH:  0    Dex: 15    Spells: 5/5 levels left

rFire    . . .     SeeInvis .   a - +0 short sword
rCold    . . .     Gourm    .   (shield restricted)
rNeg     . . .     Faith    .   j - +0 chain mail
rPois    .         Spirit   .   (no helmet)
rElec    .         Reflect  .   t - +0 cloak
rCorr    .         Harm     .   (no gloves)
MR       .....                  (no boots)
Stlth    ..........             (no amulet)
HPRegen  0.20/turn              (no ring)
MPRegen  0.10/turn              (no ring)

@: berserking, very quick
A: small, mutation resistance 1
a: Berserk, Trog's Hand, Renounce Religion


You were on level 4 of the Dungeon.
You worshipped Trog.
Trog was pleased with you.
You were hungry.

You visited 1 branch of the dungeon, and saw 4 of its levels.

You collected 129 gold pieces.

Inventory:

Hand Weapons
 a - a +0 short sword (weapon)
 b - a +0 hunting sling
Missiles
 e - 120 stones (quivered)
 v - a throwing net
Armour
 j - a +0 chain mail (worn)
 m - a +0 leather armour of magic resistance
 t - a +0 cloak (worn)
Wands
 s - a wand of iceblast (6)
Scrolls
 h - a scroll of amnesia {unknown}
 i - a scroll of noise {unknown}
 l - a scroll of remove curse {unknown}
 n - a scroll of torment {unknown}
 p - a scroll of identify
 r - a scroll of teleportation {unknown}
Potions
 d - 2 potions of curing
 g - 2 potions of cancellation {unknown}
 k - a potion of brilliance {unknown}
 o - a potion of magic {unknown}
 q - a potion of berserk rage {unknown}
 u - 2 potions of mutation {unknown}
Comestibles
 c - 6 rations
 f - 8 chunks of flesh


   Skills:
 - Level 2.6 Fighting
 + Level 6.8 Short Blades
 * Level 5.0 Slings
 - Level 2.1 Armour
 - Level 2.1 Dodging


You had 5 spell levels left.
You didn't know any spells.
Your spell library was empty.

Dungeon Overview and Level Annotations

Branches:
Dungeon (4/15)
 Temple: D:4-7

Altars:
Cheibriados
Dithmenos
Elyvilon
Makhleb
Ru
Trog

Annotations:
D:3 1 runed translucent door, dividedbypotato's ghost, amateur DsFi


Innate Abilities, Weirdness & Mutations

You are small and have problems with some larger weapons.
You are somewhat resistant to further mutation.


Message History

You hit the iguana.
The iguana is heavily wounded.
You hit the iguana but do no damage.
The iguana is heavily wounded.
The iguana bites you.
You hit the iguana but do no damage.
The iguana is heavily wounded.
The iguana bites you!
You closely miss the iguana.
The iguana is heavily wounded.
The iguana closely misses you.
You hit the iguana but do no damage.
The iguana is heavily wounded.
The iguana bites you!
* * * LOW HITPOINT WARNING * * *
A red film seems to cover your vision as you go berserk!
You feel yourself moving faster!
You feel mighty!
You are feeling hungry.
The iguana bites you!
You die...

#... #.. .... #..
.... #.. .....
#.# ..... #.# #
......#l#.####
......#@#....##
##...............
.....####.#......
.......<..#.....#
..........# ..$.#
..........# .....
..........# ....
..........# ....
..........#


You could see an iguana.

Vanquished Creatures
  A killer bee (D:4)
  A hound (D:2)
  A worker ant (D:2)
  4 gnolls (D:2)
  6 adders
  3 dart slugs
  A leopard gecko (D:3)
  An orc (D:3)
  2 ball pythons
  10 bats
  4 giant cockroaches
  9 hobgoblins
  3 quokkas
  6 frilled lizards
  9 goblins
  5 kobolds
  8 rats
74 creatures vanquished.

Vanquished Creatures (others)
  A withered plant (D:3)
1 creature vanquished.

Grand Total: 75 creatures vanquished

Notes
Turn   | Place    | Note
-------+----------+-------------------------------------------
     0 | D:1      | Gadfly the Halfling Berserker began the quest for the Orb.
     0 | D:1      | Reached XP level 1. HP: 15/15 MP: 1/1
    42 | D:1      | Reached skill level 4 in Short Blades
    53 | D:1      | Reached XP level 2. HP: 20/20 MP: 2/2
   342 | D:1      | Reached XP level 3. HP: 22/25 MP: 3/3
   351 | D:1      | Reached skill level 5 in Short Blades
   722 | D:1      | Reached ** piety under Trog
  1107 | D:2      | Reached skill level 6 in Short Blades
  1107 | D:2      | Reached XP level 4. HP: 21/30 MP: 4/4
  1259 | D:2      | Reached skill level 1 in Slings
  1299 | D:2      | Found a sacrificial altar of Ru.
  1300 | D:2      | Found a burning altar of Makhleb.
  1301 | D:2      | Found a white marble altar of Elyvilon.
  1328 | D:2      | Reached XP level 5. HP: 29/35 MP: 5/5
  1349 | D:2      | Found a bloodstained altar of Trog.
  1572 | D:3      | Found a runed translucent door.
  1572 | D:3      | Noticed dividedbypotato's ghost (amateur DsFi)
  1706 | D:2      | Reached XP level 6. HP: 35/41 MP: 6/6
  2286 | D:3      | Found a snail-covered altar of Cheibriados.
  2357 | D:3      | Found a shadowy altar of Dithmenos.
  2428 | D:4      | Reached skill level 5 in Slings
  2607 | D:4      | Mangled by an iguana

Skill      XL: |  1  2  3  4  5  6 |
---------------+-------------------+-----
Short Blades   | 4 6 |  6.8
Slings         | 1 4 5 |  5.0
Fighting       | |  2.6
Armour         | |  2.1
Dodging        | |  2.1

Action                   |  1- 3 |  4- 6 || total
-------------------------+-------+-------++-------
Melee: Short sword       |   122 |   157 ||   279
Invok: Berserk           |     1 |     4 ||     5
  Use: Scroll            |       |     2 ||     2
  Eat: Chunk             |     1 |     8 ||     9
Armor: Animal skin       |     3 |       ||     3
       Chain mail        |    37 |    77 ||   114
Dodge: Dodged            |   100 |    97 ||   197
